Map: Ascension vers Aïur EC

Players

brotoss

  • Race: Protoss Protoss
  • League: Platinum
  • Spawn Location: 5:00

defer - Winner!

  • Race: Protoss Protoss
  • League: Diamond
  • Spawn Location: 11:00

VOD

Have the link to the VOD?

Description

Time

  • Played on: July 9, 2017, 12:57 p.m.
  • Length: 4:54
Show
View Real Time Build Order
Export as new Build Order

brotoss Protoss 

Build Orders: Oracle Opening 

Get SALT Encoding   

  12  0:08  Pylon  
  12  0:15  Probe (Chrono Boost)  
  13  0:29  Gateway  
  13  0:31  Probe (Chrono Boost)  
  14  0:39  Assimilator  
  14  0:41  Probe (Chrono Boost)  
  15  0:49  Assimilator  
  15  0:52  Probe (Chrono Boost)  
  16  1:03  Probe (Chrono Boost)  
  17  1:13  Probe (Chrono Boost)  
  18  1:23  Cybernetics Core  
  18  1:24  Probe (Chrono Boost)  
  19  1:34  Probe (Chrono Boost)  
  20  1:45  Probe (Chrono Boost)  
  21  1:52  Pylon  
  21  1:55  Probe (Chrono Boost)  
  22  2:04  Stargate  
  22  2:06  Probe (Chrono Boost)  
  23  2:16  Probe (Chrono Boost)  
  24  2:27  Probe (Chrono Boost)  
  25  2:38  Probe (Chrono Boost)  
  26  2:47  Oracle (Chrono Boost)  
  26  2:48  Probe (Chrono Boost)  
  29  2:54  Pylon  
  29  3:05  Probe  
  30  3:19  Oracle (Chrono Boost)  
  33  3:21  Nexus  
  33  3:26  Mothership Core  
  35  3:59  Void Ray (Chrono Boost)  
  39  4:05  Stargate  
Show
View Real Time Build Order
Export as new Build Order

defer Protoss - Winner!

Build Orders:  

Get SALT Encoding   

  12  0:02  Probe (Chrono Boost)  
  13  0:13  Probe (Chrono Boost)  
  14  0:19  Pylon  
  14  0:23  Probe (Chrono Boost)  
  15  0:37  Probe (Chrono Boost)  
  15  0:38  Gateway  
  16  0:45  Assimilator  
  16  0:48  Probe (Chrono Boost)  
  17  0:52  Assimilator  
  17  0:58  Probe (Chrono Boost)  
  18  1:09  Probe (Chrono Boost)  
  19  1:19  Probe (Chrono Boost)  
  19  1:25  Cybernetics Core  
  20  1:30  Probe (Chrono Boost)  
  20  1:32  Pylon  
  21  1:40  Probe (Chrono Boost)  
  22  1:51  Probe (Chrono Boost)  
  23  2:01  Robotics Facility  
  23  2:02  Stalker (Chrono Boost)  
  23  2:03  Warp Gate  
  25  2:11  Mothership Core  
  27  2:18  Pylon  
  27  2:29  Stalker (Chrono Boost)  
  29  2:48  Immortal  
  33  2:55  Stalker (Chrono Boost)  
  35  3:00  Gateway  
  35  3:05  Pylon  
  35  3:21  Stalker (Chrono Boost)  
  37  3:31  Immortal  
  41  3:55  Pylon  
  38  3:57  Probe  
  39  4:06  Pylon  
  39  4:09  Probe  
  40  4:10  Stalker x2  
Tags
 
Add a new tag
Caveats
  • Supply blocks, unpowered buildings, or Contaminate may cause inaccurate times.
  • Supply counts are checked every 10 seconds.